Map: Catalyst LE

Players

Mamba

  • Race: Zerg Zerg
  • Spawn Location: 11:00

HeroMarine - Winner!

  • Race: Terran Terran
  • Spawn Location: 5:00

Event: WCS Valencia 2018

VOD

Have the link to the VOD?

Description

Time

  • Played on: July 12, 2018, 7:58 a.m.
  • Length: 8:19

All games in this series

Show
View Real Time Build Order
Export as new Build Order

Mamba Zerg 

Build Orders: Hatch First 

Get SALT Encoding   

  12  0:00  Drone  
  13  0:12  Overlord  
  13  0:17  Drone  
  14  0:31  Drone x2  
  14  0:35  Drone  
  17  0:52  Hatchery  
  17  0:56  Drone  
  17  0:59  Drone  
  18  1:05  Extractor  
  17  1:13  Spawning Pool  
  17  1:17  Drone  
  17  1:20  Drone  
  18  1:29  Drone  
  19  1:41  Overlord  
  19  2:00  Queen  
  22  2:01  Zergling x4  
  22  2:03  Queen  
  22  2:04  Drone  
  22  2:07  Metabolic Boost  
  26  2:13  Drone  
  26  2:15  Drone  
  28  2:23  Drone  
  29  2:30  Drone  
  30  2:38  Hatchery  
  29  2:47  Overlord  
  29  2:49  Drone x2  
  31  2:52  Drone  
  31  2:54  Drone  
  33  2:59  Queen  
  33  3:05  Drone  
  36  3:06  Drone  
  37  3:15  Drone x2  
  37  3:16  Overlord  
  37  3:19  Drone x2  
  41  3:25  Drone  
  42  3:33  Overlord, Spore Crawler  
  41  3:35  Drone  
  43  3:43  Queen x2  
  43  3:45  Overlord  
  47  3:49  Drone x4  
  47  3:53  Overlord  
  51  3:57  Queen  
  51  4:00  Zergling x2  
  51  4:01  Zergling x2  
  55  4:06  Overlord  
  55  4:07  Drone  
  56  4:11  Drone x3  
  56  4:14  Drone  
  60  4:17  Zergling x4  
  60  4:20  Overlord  
  60  4:23  Drone x2  
  64  4:30  Queen  
  66  4:36  Drone x3  
  66  4:37  Evolution Chamber  
  68  4:39  Evolution Chamber  
  68  4:41  Drone x3  
  70  4:47  Drone x3  
  70  4:51  Overlord  
  73  4:53  Drone x3  
  73  4:55  Queen  
  73  4:59  Spore Crawler  
  77  5:01  Spore Crawler  
  77  5:02  Zergling x2  
  77  5:03  Zergling x4  
  78  5:09  Overlord x2  
  74  5:15  Drone x4  
  74  5:18  Overlord  
  78  5:24  Zerg Melee Weapons Level 1  
  78  5:25  Zerg Ground Armor Level 1  
  78  5:30  Extractor, Lair  
  78  5:32  Extractor  
  76  5:36  Drone x6  
  76  5:39  Overlord  
  76  5:41  Overlord  
  82  5:47  Drone x5  
  82  5:49  Extractor  
  86  5:50  Extractor  
  86  5:55  Baneling Nest  
  84  5:57  Drone x7  
  91  6:08  Zergling x6  
  91  6:10  Hatchery  
  93  6:17  Zergling x18  
  101  6:32  Zergling x10  
  106  6:33  Hydralisk Den  
  105  6:40  Hatchery  
  105  6:42  Centrifical Hooks, Drone  
  105  6:43  Overlord x2  
  105  6:44  Zergling x2  
  105  6:45  Zergling x2  
  105  6:47  Overlord x2  
  105  6:53  Baneling x8  
  103  6:58  Zergling x12  
  92  7:10  Drone  
  92  7:12  Zergling x8  
  93  7:17  Queen  
  93  7:19  Hydralisk x4, Hatchery  
  99  7:28  Hydralisk x4  
  107  7:44  Zergling x2  
  107  7:45  Zergling x14  
  116  7:51  Drone x2  
  124  7:58  Zergling x2  
  124  7:59  Zergling x2  
Show
View Real Time Build Order
Export as new Build Order

HeroMarine Terran - Winner!

Build Orders: Liberator Opening, Reaper Expand, MMM Bio 

Get SALT Encoding   

  12  0:00  SCV  
  13  0:12  SCV  
  14  0:18  Supply Depot  
  14  0:24  SCV  
  15  0:39  SCV  
  15  0:41  Barracks  
  16  0:43  Refinery  
  16  0:51  SCV  
  17  1:03  SCV  
  18  1:16  SCV  
  19  1:28  Reaper, Orbital Command  
  20  1:40  Command Center  
  20  1:52  Supply Depot  
  20  1:54  SCV  
  21  2:00  Marine  
  22  2:06  SCV  
  23  2:09  Factory  
  23  2:18  SCV  
  23  2:19  Refinery  
  23  2:20  Barracks Reactor  
  24  2:30  SCV  
  25  2:42  SCV  
  26  2:53  Starport, Orbital Command  
  26  2:54  SCV  
  27  3:04  Hellion x2  
  31  3:06  SCV  
  31  3:10  Barracks Tech Lab  
  32  3:15  Supply Depot  
  32  3:18  SCV  
  32  3:19  SCV  
  34  3:25  Hellion  
  34  3:26  Hellion  
  38  3:30  Liberator, SCV  
  38  3:32  SCV  
  39  3:43  SCV  
  39  3:44  SCV  
  44  3:54  Command Center  
  44  4:00  SCV x2  
  46  4:03  Hellion  
  46  4:05  Hellion  
  46  4:06  Barracks Tech Lab  
  50  4:12  Supply Depot, SCV x2  
  52  4:24  SCV x2  
  52  4:25  Stimpack  
  52  4:30  Barracks x2  
  54  4:33  Marine  
  54  4:35  Supply Depot  
  54  4:37  SCV x2  
  57  4:39  Starport Reactor  
  57  4:47  Engineering Bay  
  57  4:49  SCV x2, Engineering Bay  
  57  4:51  Marine  
  60  5:00  Siege Tank  
  60  5:01  SCV x2  
  60  5:04  Refinery  
  60  5:05  Refinery  
  65  5:08  Marine  
  65  5:13  SCV  
  68  5:15  Terran Infantry Weapons Level 1  
  68  5:16  Terran Infantry Armor Level 1, Orbital Command  
  67  5:26  Marine x3, Starport Reactor  
  67  5:27  Marine x2  
  72  5:35  Siege Tank  
  75  5:38  Barracks  
  75  5:39  Barracks  
  75  5:41  SCV x2  
  77  5:42  Orbital Command  
  77  5:48  Marine  
  77  5:49  Supply Depot, Marine x3  
  81  5:51  Supply Depot, Marine  
  81  5:56  SCV x2  
  84  6:06  Marine  
  84  6:10  SCV x2, Medivac x2  
  91  6:11  SCV  
  91  6:12  Supply Depot  
  91  6:13  Supply Depot  
  92  6:20  Marine x4  
  92  6:23  SCV x3  
  92  6:25  Combat Shields  
  99  6:27  Supply Depot  
  99  6:29  Barracks Reactor x2  
  99  6:33  Siege Tank  
  99  6:35  SCV x3  
  99  6:36  Armory  
  99  6:39  Marine x2  
  107  6:43  Marine x3  
  111  6:47  SCV x3  
  111  6:49  Medivac  
  115  6:56  Medivac, Marine  
  118  7:04  SCV x2  
  118  7:05  SCV  
  118  7:07  Marine x8  
  123  7:18  Siege Tank  
  123  7:22  Marine  
  123  7:24  Marine x2  
  123  7:25  Refinery  
  123  7:29  Supply Depot  
  125  7:30  Supply Depot x2  
  125  7:50  Barracks  
  125  7:51  SCV x3, Marine x9  
  133  7:52  Barracks x2  
Tags
 
Add a new tag
Caveats
  • Supply blocks, unpowered buildings, or Contaminate may cause inaccurate times.
  • Supply counts are checked every 10 seconds.